3A
DELAWARE 1787 BC @ MYRTLE BEACH SEAHAWKS
07/02/2028
 
TOP OF THE 1ST
Delaware 1787 BC batting - Pitching for Myrtle Beach Seahawks : LHP Carlos González
Pitching: LHP Carlos González
Batting: RHB Jesús Guzmán 0-0: Foul Ball, location: 2F
0-1: Foul Ball, location: 2F
0-2: Strikes out swinging
Batting: RHB John Willoughby 0-0: Ball
1-0: Ball
2-0: Ball
3-0: Called Strike
3-1: Foul Ball, location: 2F
3-2: Foul Ball, location: 2F
3-2: Foul Ball, location: 2F
3-2: Foul Ball, location: 2F
3-2: Foul Ball, location: 2F
3-2: Strikes out swinging
Batting: RHB Eddie Sachs 0-0: Called Strike
0-1: Ball
1-1: Foul Ball, location: 2F
1-2: Strikes out looking
Top of the 1st over - 0 run(s), 0 hit(s), 0 error(s), 0 left on base; Delaware 0 - Myrtle Beach 0
BOTTOM OF THE 1ST
Myrtle Beach Seahawks batting - Pitching for Delaware 1787 BC : RHP Lincoln Spooner
Pitching: RHP Lincoln Spooner
Batting: LHB Ijsbrand Erkelens 0-0: Ball
1-0: Called Strike
1-1: Called Strike
1-2: Fly out, F8 (Flyball, 8LM)
Batting: RHB Juan Mata 0-0: Ball
1-0: Foul Ball, location: 2F
1-1: Swinging Strike
1-2: Foul Ball, location: 2F
1-2: Ball
2-2: Strikes out looking
Batting: RHB Aquiles Morda 0-0: Swinging Strike
0-1: Swinging Strike
0-2: Ball
1-2: Strikes out swinging
Bottom of the 1st over - 0 run(s), 0 hit(s), 0 error(s), 0 left on base; Delaware 0 - Myrtle Beach 0
TOP OF THE 2ND
Delaware 1787 BC batting - Pitching for Myrtle Beach Seahawks : LHP Carlos González
Batting: LHB Kelvin Abbott 0-0: Called Strike
0-1: Foul Ball, location: 2F
0-2: Ball
1-2: Fly out, F9 (Flyball, 9D)
Batting: RHB Mikko Haataja 0-0: Ball
1-0: Ground out 5-3 (Groundball, 56)
Batting: LHB Donovan Inman 0-0: Foul Ball, location: 2F
0-1: Swinging Strike
0-2: Ball
1-2: Strikes out swinging
Top of the 2nd over - 0 run(s), 0 hit(s), 0 error(s), 0 left on base; Delaware 0 - Myrtle Beach 0
BOTTOM OF THE 2ND
Myrtle Beach Seahawks batting - Pitching for Delaware 1787 BC : RHP Lincoln Spooner
Batting: RHB Tucker Kinney 0-0: Foul Ball, location: 2F
0-1: Swinging Strike
0-2: Ball
1-2: Ball
2-2: Foul Ball, location: 2F
2-2: Strikes out swinging
Batting: LHB Peter Ough 0-0: SINGLE (Line Drive, 56D)
Batting: RHB Doug Allerdale 0-0: Ball
1-0: Ball
2-0: Reached on error, E5 (Groundball, 56)
Peter Ough to second
Batting: LHB Joo-young Yo 0-0: Grounds into double play, 6-4-3 (Groundball, 6)
Bottom of the 2nd over - 0 run(s), 1 hit(s), 1 error(s), 1 left on base; Delaware 0 - Myrtle Beach 0
TOP OF THE 3RD
Delaware 1787 BC batting - Pitching for Myrtle Beach Seahawks : LHP Carlos González
Batting: SHB Curt Pack 0-0: Ball
1-0: Called Strike
1-1: Foul Ball, location: 2F
1-2: Fly out, F8 (Flyball, 8LM)
Batting: RHB Toyozo Yamasaki 0-0: Called Strike
0-1: Ball
1-1: Ball
2-1: SINGLE (Groundball, 6D)
Batting: RHB Elwiin Hund 0-0: Swinging Strike
0-1: Ball
1-1: Ball
2-1: Foul Ball, location: 2F
2-2: Strikes out swinging
Batting: RHB Jesús Guzmán 0-0: Called Strike
0-1: Swinging Strike
0-2: Ball
1-2: SINGLE (Groundball, 56D)
Toyozo Yamasaki to second
Batting: RHB John Willoughby 0-0: Called Strike
0-1: Fly out, F7 (Line Drive, 78M)
Top of the 3rd over - 0 run(s), 2 hit(s), 0 error(s), 2 left on base; Delaware 0 - Myrtle Beach 0
BOTTOM OF THE 3RD
Myrtle Beach Seahawks batting - Pitching for Delaware 1787 BC : RHP Lincoln Spooner
Batting: RHB Andy Llewellyn 0-0: Ball
1-0: Ball
2-0: Called Strike
2-1: Fly out, F7 (Flyball, 7LS)
Batting: RHB Howard Lee 0-0: Ball
1-0: Ball
2-0: Ball
3-0: Base on Balls
Batting: LHB Ijsbrand Erkelens 0-0: Swinging Strike
0-1: Ball
1-1: Ball
2-1: Fly out, F4 (Popup, 4D)
Batting: RHB Juan Mata 0-0: Called Strike
0-1: Foul Ball, location: 2F
0-2: Ball
1-2: SINGLE (Groundball, 34D)
Howard Lee to second
Runner from 2nd tries for 3rd, OUT!
Bottom of the 3rd over - 0 run(s), 1 hit(s), 0 error(s), 1 left on base; Delaware 0 - Myrtle Beach 0
TOP OF THE 4TH
Delaware 1787 BC batting - Pitching for Myrtle Beach Seahawks : LHP Carlos González
Batting: RHB Eddie Sachs 0-0: Ball
1-0: Ball
2-0: Ball
3-0: Called Strike
3-1: Foul Ball, location: 2F
3-2: Strikes out swinging
Batting: LHB Kelvin Abbott 0-0: Fly out, F5 (Popup, 5L)
Batting: RHB Mikko Haataja 0-0: Ball
1-0: Ball
2-0: Called Strike
2-1: Ball
3-1: Foul Ball, location: 2F
3-2: Foul Ball, location: 2F
3-2: Reached on error, E3 (Groundball, 34)
Batting: LHB Donovan Inman 0-0: Ball
1-0: Swinging Strike
1-1: Foul Ball, location: 2F
1-2: Fly out, F8 (Flyball, 8LD)
Top of the 4th over - 0 run(s), 0 hit(s), 1 error(s), 1 left on base; Delaware 0 - Myrtle Beach 0
BOTTOM OF THE 4TH
Myrtle Beach Seahawks batting - Pitching for Delaware 1787 BC : RHP Lincoln Spooner
Batting: RHB Aquiles Morda 0-0: Ball
1-0: Foul Ball, location: 2F
1-1: Called Strike
1-2: Strikes out swinging
Batting: RHB Tucker Kinney 0-0: Ball
1-0: Ball
2-0: Ground out 4-3 (Groundball, 4)
Batting: LHB Peter Ough 0-0: Ball
1-0: Fly out, F7 (Flyball, 78M)
Bottom of the 4th over - 0 run(s), 0 hit(s), 0 error(s), 0 left on base; Delaware 0 - Myrtle Beach 0
TOP OF THE 5TH
Delaware 1787 BC batting - Pitching for Myrtle Beach Seahawks : LHP Carlos González
Batting: SHB Curt Pack 0-0: Fly out, F8 (Flyball, 78D)
Batting: RHB Toyozo Yamasaki 0-0: Called Strike
0-1: Swinging Strike
0-2: Strikes out swinging
Batting: RHB Elwiin Hund 0-0: Called Strike
0-1: Ball
1-1: Swinging Strike
1-2: Ball
2-2: SINGLE (Line Drive, 8LS)
Batting: RHB Jesús Guzmán 0-0: Ball
1-0: Ball
2-0: Fly out, F4 (Popup, 34D)
Top of the 5th over - 0 run(s), 1 hit(s), 0 error(s), 1 left on base; Delaware 0 - Myrtle Beach 0
BOTTOM OF THE 5TH
Myrtle Beach Seahawks batting - Pitching for Delaware 1787 BC : RHP Lincoln Spooner
Batting: RHB Doug Allerdale 0-0: Ball
1-0: Ball
2-0: Fly out, F8 (Flyball, 8LD)
Batting: LHB Joo-young Yo 0-0: Ball
1-0: Called Strike
1-1: Swinging Strike
1-2: Ground out 1-3 (Groundball, 13)
Batting: RHB Andy Llewellyn 0-0: Called Strike
0-1: Foul Ball, location: 2F
0-2: Strikes out swinging
Bottom of the 5th over - 0 run(s), 0 hit(s), 0 error(s), 0 left on base; Delaware 0 - Myrtle Beach 0
TOP OF THE 6TH
Delaware 1787 BC batting - Pitching for Myrtle Beach Seahawks : LHP Carlos González
Batting: RHB John Willoughby 0-0: Called Strike
0-1: Ball
1-1: Called Strike
1-2: Ball
2-2: Strikes out swinging
Batting: RHB Eddie Sachs 0-0: Called Strike
0-1: Foul Ball, location: 2F
0-2: Ball
1-2: Ball
2-2: Foul Ball, location: 2F
2-2: Foul Ball, location: 2F
2-2: Strikes out swinging
Batting: LHB Kelvin Abbott 0-0: Ball
1-0: Ground out 4-3 (Groundball, 4)
Top of the 6th over - 0 run(s), 0 hit(s), 0 error(s), 0 left on base; Delaware 0 - Myrtle Beach 0
BOTTOM OF THE 6TH
Myrtle Beach Seahawks batting - Pitching for Delaware 1787 BC : RHP Lincoln Spooner
Batting: RHB Howard Lee 0-0: Ball
1-0: Called Strike
1-1: Swinging Strike
1-2: Ground out 6-3 (Groundball, 56)
Batting: LHB Ijsbrand Erkelens 0-0: Foul Ball, location: 2F
0-1: Swinging Strike
0-2: Ball
1-2: Ball
2-2: SINGLE (Groundball, 4D)
Batting: RHB Juan Mata 0-0: Ball
Ijsbrand Erkelens is caught stealing 2nd base
1-0: Ball
2-0: Called Strike
2-1: Foul Ball, location: 2F
2-2: Ball
3-2: SINGLE (Line Drive, 56)
Batting: RHB Aquiles Morda 0-0: Foul Ball, location: 2F
0-1: Ball
1-1: Swinging Strike
1-2: Foul Ball, location: 2F
1-2: Ball
2-2: Fly out, F8 (Flyball, 8RS)
Bottom of the 6th over - 0 run(s), 2 hit(s), 0 error(s), 1 left on base; Delaware 0 - Myrtle Beach 0
TOP OF THE 7TH
Delaware 1787 BC batting - Pitching for Myrtle Beach Seahawks : LHP Carlos González
Batting: RHB Mikko Haataja 0-0: Called Strike
0-1: Foul Ball, location: 2F
0-2: Foul Ball, location: 2F
0-2: Ball
1-2: Foul Ball, location: 2F
1-2: SINGLE (Line Drive, 6)
Batting: LHB Donovan Inman
Pinch Hitting: RHB Jeff Quesenberry 0-0: Sac Bunt - play at first, batter safe!
Mikko Haataja to second
Batting: SHB Curt Pack 0-0: Bunted foul
0-1: Bunted foul
0-2: Ball
1-2: Ball
2-2: Ball
3-2: Fly out, F3 (Popup, 3L)
Pinch Hitting: RHB Alejandro Sánchez 0-0: Ball
1-0: SINGLE (Groundball, 6MD)
Mikko Haataja to third
Jeff Quesenberry to second
Runner from 3rd tries for Home, SAFE, no throw
Batting: RHB Elwiin Hund 0-0: Ball
1-0: Swinging Strike
1-1: Foul Ball, location: 2F
1-2: Strikes out looking
Batting: RHB Jesús Guzmán 0-0: Ball
1-0: SINGLE (Line Drive, 7LS)
Jeff Quesenberry to third
Alejandro Sánchez to second
Batting: RHB John Willoughby 0-0: Fly out, F2 (Popup, 23)
Top of the 7th over - 1 run(s), 4 hit(s), 0 error(s), 3 left on base; Delaware 1 - Myrtle Beach 0
BOTTOM OF THE 7TH
Myrtle Beach Seahawks batting - Pitching for Delaware 1787 BC : RHP Lincoln Spooner
Now at 2B: Jeff Quesenberry
Now in LF: Tobias Jimenez
Batting: RHB Tucker Kinney 0-0: Ball
1-0: Foul Ball, location: 2F
1-1: Ground out 5-3 (Groundball, 56S)
Batting: LHB Peter Ough 0-0: Ball
1-0: Fly out, F9 (Line Drive, 89M)
Batting: RHB Doug Allerdale 0-0: Swinging Strike
0-1: Ball
1-1: Ball
2-1: Ball
3-1: Foul Ball, location: 2F
3-2: Foul Ball, location: 2F
3-2: Strikes out swinging
Bottom of the 7th over - 0 run(s), 0 hit(s), 0 error(s), 0 left on base; Delaware 1 - Myrtle Beach 0
TOP OF THE 8TH
Delaware 1787 BC batting - Pitching for Myrtle Beach Seahawks : LHP Carlos González
Batting: RHB Eddie Sachs 0-0: Foul Ball, location: 2F
0-1: SINGLE (Line Drive, 56D)
Pinch Hitting: RHB Randy Sheffield 0-0: Called Strike
0-1: Ball
1-1: Called Strike
1-2: Reached on error, E5 (Groundball, 56)
Eddie Sachs to second
Pitching: RHP Greyfriars Bobby
Batting: RHB Mikko Haataja 0-0: Swinging Strike
0-1: Foul Ball, location: 2F
0-2: Ball
1-2: Strikes out swinging
Batting: RHB Jeff Quesenberry 0-0: Foul Ball, location: 2F
0-1: Ball
1-1: SINGLE (Groundball, 34D)
Eddie Sachs to third
Randy Sheffield to second
Batting: SHB Curt Pack 0-0: Fly out, F7 (Flyball, 7S)
Pinch Hitting: LHB Bryce Abood 0-0: Called Strike
0-1: Called Strike
0-2: Fly out, F7 (Flyball, 7LSF)
Top of the 8th over - 0 run(s), 2 hit(s), 1 error(s), 3 left on base; Delaware 1 - Myrtle Beach 0
BOTTOM OF THE 8TH
Myrtle Beach Seahawks batting - Pitching for Delaware 1787 BC : RHP Lincoln Spooner
Now in LF: Randy Sheffield
Now in RF: Félix Ellard
Batting: LHB Joo-young Yo 0-0: Ball
1-0: Called Strike
1-1: Foul Ball, location: 2F
1-2: Ball
2-2: Foul Ball, location: 2F
2-2: Ball
3-2: Foul Ball, location: 2F
3-2: Strikes out swinging
Batting: RHB Andy Llewellyn 0-0: Reached on error, E4 (Groundball, 4)
Batting: RHB Howard Lee 0-0: Ball
1-0: Foul Ball, location: 2F
1-1: Ball
2-1: Foul Ball, location: 2F
2-2: Fly out, F8 (Flyball, 8LD)
Runner from 2nd tags up, SAFE at 3rd, no throw
Pinch Hitting: RHB Luis Oliva 0-0: Ball
1-0: Ball
2-0: Called Strike
2-1: Ball
3-1: Swinging Strike
3-2: Strikes out looking
Bottom of the 8th over - 0 run(s), 0 hit(s), 1 error(s), 1 left on base; Delaware 1 - Myrtle Beach 0
TOP OF THE 9TH
Delaware 1787 BC batting - Pitching for Myrtle Beach Seahawks : RHP Greyfriars Bobby
Now in CF: Chuk-yan Yang
Batting: RHB Elwiin Hund 0-0: Ball
1-0: Ball
2-0: Swinging Strike
2-1: Called Strike
2-2: Ball
3-2: Strikes out swinging
Batting: RHB Jesús Guzmán 0-0: Ball
1-0: Foul Ball, location: 2F
1-1: Ball
2-1: Foul Ball, location: 2F
2-2: Fly out, F9 (Line Drive, 9)
Batting: RHB John Willoughby 0-0: Ball
1-0: Called Strike
1-1: Called Strike
1-2: Strikes out swinging
Top of the 9th over - 0 run(s), 0 hit(s), 0 error(s), 0 left on base; Delaware 1 - Myrtle Beach 0
BOTTOM OF THE 9TH
Myrtle Beach Seahawks batting - Pitching for Delaware 1787 BC : RHP Lincoln Spooner
Pitching: RHP Charles Wells
Batting: RHB Juan Mata 0-0: DOUBLE (Line Drive, 5D)
Batting: RHB Aquiles Morda 0-0: Ball
1-0: Ball
2-0: Ball
3-0: Base on Balls
Pinch Hitting: LHB Gabriel Amezquita 0-0: Ball
1-0: Fly out, F9 (Flyball, 9)
Batting: LHB Peter Ough 0-0: Fly out, F8 (Flyball, 8RD)
Runner from 2nd tags up, SAFE at 3rd, no throw
Batting: RHB Doug Allerdale 0-0: Ball
1-0: Foul Ball, location: 2F
1-1: Foul Ball, location: 2F
1-2: Ball
2-2: Foul Ball, location: 2F
2-2: SINGLE (Line Drive, 8LS)
Juan Mata scores
Aquiles Morda to second
Batting: LHB Joo-young Yo 0-0: Ball
1-0: Ball
2-0: Called Strike
2-1: Called Strike
2-2: Fly out, F7 (Flyball, 7LS)
Bottom of the 9th over - 1 run(s), 2 hit(s), 0 error(s), 2 left on base; Delaware 1 - Myrtle Beach 1
TOP OF THE 10TH
Delaware 1787 BC batting - Pitching for Myrtle Beach Seahawks : RHP Greyfriars Bobby
Pitching: RHP Sam Schultz
Now at 2B: Gabriel Amezquita
Batting: RHB Eddie Sachs 0-0: Swinging Strike
0-1: Ball
1-1: Called Strike
1-2: Strikes out looking
Batting: RHB Randy Sheffield 0-0: Ball
1-0: Foul Ball, location: 2F
1-1: Ball
2-1: Ball
3-1: Base on Balls
Batting: RHB Mikko Haataja 0-0: Ball
1-0: Foul Ball, location: 2F
1-1: Foul Ball, location: 2F
1-2: Ball
2-2: SINGLE (Line Drive, 7S)
Randy Sheffield to second
Batting: RHB Jeff Quesenberry 0-0: SINGLE (Line Drive, 4)
Randy Sheffield to third
Mikko Haataja to second
Throwing error, E9
Randy Sheffield scores
Mikko Haataja to third
Jeff Quesenberry to second
Batting: SHB Curt Pack 0-0: Intentional Walk
Pinch Hitting: SHB Chris Hansen 0-0: Ball
1-0: Fly out, F9 (Flyball, 9LM)
Runner from 3rd tags up, SCORES, no throw
Batting: RHB Elwiin Hund 0-0: Foul Ball, location: 2F
0-1: Foul Ball, location: 2F
0-2: Ball
1-2: Ball
2-2: Strikes out swinging
Top of the 10th over - 2 run(s), 2 hit(s), 1 error(s), 2 left on base; Delaware 3 - Myrtle Beach 1
BOTTOM OF THE 10TH
Myrtle Beach Seahawks batting - Pitching for Delaware 1787 BC : RHP Charles Wells
Now in RF: Chris Hansen
Batting: RHB Andy Llewellyn 0-0: Swinging Strike
0-1: Foul Ball, location: 2F
0-2: Ball
1-2: Foul Ball, location: 2F
1-2: Strikes out swinging passed ball, reaches first!
Batting: RHB Howard Lee 0-0: Called Strike
0-1: Swinging Strike
0-2: Ground out 5-3 (Groundball, 56S)
Andy Llewellyn to second
Pinch Hitting: RHB Melvin Aikey 0-0: Fly out, F9 (Flyball, 9S)
Batting: RHB Juan Mata 0-0: Ball
1-0: Called Strike
1-1: Foul Ball, location: 2F
1-2: Ground out 1-3 (Groundball, 15)
Bottom of the 10th over - 0 run(s), 0 hit(s), 0 error(s), 1 left on base; Delaware 3 - Myrtle Beach 1
Thursday, August 10th, 2017 - OOTP Baseball 17.12 Build 75